 Dungeon Crawl Stone Soup version 0.18.1-47-g9310371 (webtiles) character file.

385 sveltemanboy the Cudgeler (level 6, -1/66 HPs)
             Began as an Ogre Hunter on June 19, 2016.
             Slain by a centaur zombie (3 damage)
             ... in an ossuary.
             The game lasted 00:14:40 (5141 turns).

sveltemanboy the Cudgeler (Ogre Hunter)             Turns: 5141, Time: 00:14:41

Health: -1/66      AC:  3    Str: 20    XL:     6   Next: 77%
Magic:  6/6        EV:  5    Int: 10    God:
Gold:   204        SH:  0    Dex: 10    Spells: 0 memorised, 5 levels left

rFire  . . .     SeeInvis .     h - +0 whip
rCold  . . .     Gourm    .     b - +0 robe
rNeg   . . .     Faith    .     (no shield)
rPois  .         Spirit   .     (helmet restricted)
rElec  .         Dismiss  .     (no cloak)
rCorr  .         Reflect  .     (gloves unavailable)
SustAt .         Harm     .     (boots unavailable)
MR     .....                    (no amulet)
Stlth  +.........               (no ring)
                                (no ring)

@: not resistant to hostile enchantments, very unstealthy
A: unfitting armour, tough skin 1
a: no special abilities


You were in an ossuary.
You were very hungry.

You visited 1 branch of the dungeon, and saw 5 of its levels.
You also visited: Ossuary.

You collected 204 gold pieces.

Inventory:

Hand Weapons
 h - a +0 whip (weapon)
Missiles
 c - 5 large rocks
 i - 10 tomahawks
 n - 225 stones (quivered)
Armour
 b - a +0 robe (worn)
Jewellery
 a - an uncursed ring of ice
Wands
 m - a wand of flame (24/48)
Scrolls
 d - a scroll of immolation {unknown}
 e - 3 scrolls of remove curse
 l - 6 scrolls of identify
 o - a scroll of random uselessness {unknown}
 q - a scroll of amnesia {unknown}
 s - 2 scrolls of teleportation
Potions
 r - a potion of cure mutation
 t - 2 potions of curing
Comestibles
 f - 3 bread rations
 g - 3 meat rations
 k - a beef jerky
 p - a slice of pizza


   Skills:
 + Level 5.2 Fighting
 * Level 5.8 Maces & Flails
 - Level 4.0 Throwing
 + Level 2.4 Armour
 - Level 2.0 Dodging
 - Level 0.7 Stealth


You had 5 spell levels left.
You didn't know any spells.

Dungeon Overview and Level Annotations

Branches:
Dungeon (5/15)
 Temple: D:4-7

Altars:
Ashenzari
Cheibriados
Gozag
Makhleb
Pakellas
Yredelemnul
The Shining One


Innate Abilities, Weirdness & Mutations

You are too large for most types of armour.
You have tough skin (AC +1).


Message History

The kobold zombie barely misses you.
You are too injured to fight recklessly!
The sentinel's mark upon you fades away.
The big kobold zombie hits you but does no damage.
A human zombie comes into view.
The centaur zombie hits you.
* * * LOW HITPOINT WARNING * * *
The centaur zombie hits you.
* * * LOW HITPOINT WARNING * * *
A human zombie comes into view.
The centaur zombie hits you!
* * * LOW HITPOINT WARNING * * *
The centaur zombie hits you.
* * * LOW HITPOINT WARNING * * *
The centaur zombie hits you.
* * * LOW HITPOINT WARNING * * *
The centaur zombie completely misses you.
There is a gate leading back out of this place here.
The centaur zombie hits you.
You die... ....# #...# .....# #ZZZ#

#Z..# #.Z.# #.Z.#
#..Z#
.##############Z..#
...............Z..#
.......∩@Z..ZZZ...#
###################


You could see a hobgoblin zombie, a kobold zombie, a big kobold zombie, an orc
zombie and 2 centaur zombies.

Vanquished Creatures
  A howler monkey (D:4)
  A crimson imp (D:3)
  2 hounds (D:4)
  An orc priest (D:3)
  A worker ant (D:4)
  A mummy (D:5)
  Robin (D:2)
  2 adders
  4 gnolls (D:4)
  An ooze (D:2)
  2 worms
  3 dart slugs
  5 orcs (D:3)
  6 bats
  5 giant cockroaches
  7 hobgoblins
  10 jackals
  7 kobolds
  2 quokkas
  6 giant newts
  16 goblins
  A goblin zombie (D:5)
  5 hobgoblin zombies
  5 kobold zombies (Ossuary)
  6 orc zombies (Ossuary)
  5 rats
106 creatures vanquished.

Notes
Turn   | Place    | Note
--------------------------------------------------------------
     0 | D:1      | sveltemanboy the Ogre Hunter began the quest for the Orb.
     0 | D:1      | Reached XP level 1. HP: 22/22 MP: 1/1
   379 | D:1      | Reached XP level 2. HP: 31/31 MP: 2/2
   787 | D:1      | Reached skill level 1 in Maces & Flails
  1034 | D:2      | Found an opulent altar of Gozag.
  1036 | D:2      | Found a glowing golden altar of the Shining One.
  1179 | D:2      | Reached XP level 3. HP: 34/37 MP: 3/3
  1248 | D:2      | Found a basalt altar of Yredelemnul.
  1252 | D:2      | Found a burning altar of Makhleb.
  1253 | D:2      | Found an oddly glowing altar of Pakellas.
  1396 | D:2      | Reached skill level 1 in Armour
  1535 | D:2      | Noticed Robin
  1555 | D:2      | Killed Robin
  1586 | D:2      | Reached XP level 4. HP: 39/45 MP: 4/4
  2677 | D:3      | Reached XP level 5. HP: 15/54 MP: 5/5
  3169 | D:3      | Found a snail-covered altar of Cheibriados.
  3951 | D:4      | Reached skill level 5 in Maces & Flails
  3951 | D:4      | Reached XP level 6. HP: 63/63 MP: 6/6
  4341 | D:4      | Reached skill level 5 in Fighting
  4586 | D:4      | Found a shattered altar of Ashenzari.
  4696 | D:5      | Entered Level 5 of the Dungeon
  4787 | D:5      | Found a sand-covered staircase.
  4822 | Ossuary  | Entered an ossuary
  5118 | Ossuary  | Gained mutation: Your spells are a little harder to cast, but a little more powerful. [potion of mutation]
  5118 | Ossuary  | Gained mutation: Your magical capacity is low (-10% MP). [potion of mutation]
  5118 | Ossuary  | Lost mutation: Your magical capacity is low (-10% MP). [potion of mutation]
  5119 | Ossuary  | Lost mutation: Your spells are a little harder to cast, but a little more powerful. [potion of cure mutation]
  5132 | Ossuary  | HP: 3/66 [centaur zombie (2)]
  5134 | Ossuary  | HP: 1/66 [centaur zombie (3)]
  5141 | Ossuary  | Slain by a centaur zombie

Skill      XL: |  1  2  3  4  5  6 |
---------------+-------------------+-----
Dodging        | 2 |  2.0
Fighting       | 3 4 5 |  5.2
Maces & Flails | 1 2 3 5 |  5.8
Armour         | 1 2 |  2.4
Throwing       | |  4.0
Stealth        | |  0.7

Action                   |  1- 3 |  4- 6 || total
-------------------------+-------+-------++-------
Melee: Unarmed           |    74 |       ||    74
       Club              |   106 |   165 ||   271
       Whip              |       |   192 ||   192
Throw: Large rock        |     6 |    20 ||    26
       Stone             |       |    44 ||    44
       Throwing net      |       |     4 ||     4
       Tomahawk          |       |    13 ||    13
  Use: Potion            |     4 |     4 ||     8
       Scroll            |       |     4 ||     4
 Stab: Sleeping          |     1 |       ||     1
  Eat: Chunk             |     2 |    11 ||    13
Armor: Robe              |    49 |   107 ||   156
Dodge: Dodged            |   115 |   208 ||   323
